 Dungeon Crawl Stone Soup version 0.21.1-1-g345015fe64 (webtiles) character file.

103 Fascinator the Ruffian (level 4, -2/35 HPs)
             Began as a Draconian Transmuter on July 6, 2018.
             Slain by a river rat (8 damage)
             ... on level 3 of the Dungeon.
             The game lasted 00:03:50 (2301 turns).

Fascinator the Ruffian (Draconian Transmuter)       Turns: 2301, Time: 00:03:50

Health: -2/35      AC:  5    Str: 13    XL:     4   Next: 51%
Magic:  8/8        EV: 12    Int: 14    God:
Gold:   130        SH:  0    Dex: 11    Spells: 7/8 levels left

rFire    . . .     SeeInvis .     - Unarmed
rCold    . . .     Gourm    .   (no shield)
rNeg     . . .     Faith    .   (armour unavailable)
rPois    .         Spirit   .   (helmet restricted)
rElec    .         Reflect  .   (no cloak)
rCorr    .         Harm     .   (no gloves)
MR       .....                  (boots currently unavailable)
Stlth    +.........             (no amulet)
HPRegen  0.11/turn              (no ring)
MPRegen  0.11/turn              (no ring)

@: appendage (expiring), very slow
A: unfitting armour, talons 3, cold-blooded, AC +5
a: End Transformation


You were on level 3 of the Dungeon.
You were hungry.
You had grown temporary talons.
You visited 1 branch of the dungeon, and saw 3 of its levels.

You collected 130 gold pieces.

Inventory:

Missiles
 a - 12 arrows
Jewellery
 h - an uncursed ring of poison resistance {unknown}
Scrolls
 g - 2 scrolls of amnesia {unknown}
 i - a scroll of fog {unknown}
 k - a scroll of identify {unknown}
 l - a scroll of magic mapping {unknown}
 m - a scroll of immolation {unknown}
Potions
 d - a potion of lignification {unknown}
 e - a potion of heal wounds {unknown}
 f - a potion of resistance {unknown}
 j - a potion of cancellation {unknown}
 n - 3 potions of curing {unknown}
Books
 b - a book of Changes

   Spells                             Type                      Level
   a - Beastly Appendage              Transmutation                1
   b - Sticks to Snakes               Transmutation                2
   c - Spider Form                    Transmutation/Poison         3
   d - Ice Form                       Ice/Transmutation            4
   e - Blade Hands                    Transmutation                5
Comestibles
 c - 4 rations


   Skills:
 + Level 1.1 Fighting
 + Level 2.3 Dodging
 + Level 0.1 Stealth
 + Level 4.1 Unarmed Combat
 + Level 2.8 Spellcasting
 + Level 2.4 Transmutations


You had 7 spell levels left.
You knew the following spells:

 Your Spells              Type           Power        Failure   Level  Hunger
a - Beastly Appendage     Tmut           #.....       9%          1    #......


Dungeon Overview and Level Annotations

Branches:
Dungeon (3/15)

Altars:
Qazlal


Innate Abilities, Weirdness & Mutations

Your plain brown scales are hard. (AC +5)
You cannot fit into any form of body armour.
You are cold-blooded and may be slowed by cold attacks.
You have claws for feet.


Message History

You hit the river rat but do no damage. You claw the river rat!
You punch the river rat.
The river rat is almost dead.
The river rat barely misses you.
Your unstable footing causes you to fumble your attack.
The river rat bites you but does no damage.
Your unstable footing causes you to fumble your attack.
The river rat completely misses you.
Your unstable footing causes you to fumble your attack.
The river rat barely misses you.
You closely miss the river rat.
The river rat is almost dead.
The river rat closely misses you.
Your unstable footing causes you to fumble your attack.
The river rat bites you!
* * * LOW HITPOINT WARNING * * *
You closely miss the river rat. Your kick misses the river rat.
The river rat is almost dead.
The river rat bites you!
You die...

#########
##@r≈≈≈≈≈#
#≈#######.
#≈# #≈#
#.# #≈#
#≈# #≈#
#≈##


You could see a river rat.

Vanquished Creatures
  5 adders
  An ooze (D:3)
  A dart slug (D:2)
  2 leopard geckos
  A ball python (D:2)
  6 giant cockroaches
  3 goblins
  5 hobgoblins
  5 jackals
  7 kobolds
  3 bats
  2 frilled lizards
  6 rats
47 creatures vanquished.

Notes
Turn   | Place    | Note
-------+----------+-------------------------------------------
     0 | D:1      | Fascinator the Draconian Transmuter began the quest for the Orb.
     0 | D:1      | Reached XP level 1. HP: 16/16 MP: 3/3
   597 | D:2      | Reached XP level 2. HP: 23/23 MP: 3/5
   892 | D:2      | Reached XP level 3. HP: 27/28 MP: 6/6
  1734 | D:3      | Found a stormy altar of Qazlal.
  1863 | D:3      | Reached skill level 4 in Unarmed Combat
  1863 | D:3      | Reached XP level 4. HP: 23/35 MP: 5/8
  2301 | D:3      | Slain by a river rat

Skill      XL: |  1  2  3 |
---------------+----------+-----
Dodging        | 2 |  2.3
Unarmed Combat | 4 |  4.1
Fighting       | |  1.1
Stealth        | |  0.1
Spellcasting   | |  2.8
Transmutations | |  2.4

Action                   |  1- 3 |  4- 6 || total
-------------------------+-------+-------++-------
Melee: Unarmed           |   123 |    58 ||   181
       Headbutt          |     5 |       ||     5
       Kick              |     3 |     3 ||     6
       Tailslap          |     6 |     8 ||    14
       Punch             |     1 |     1 ||     2
 Cast: Beastly Appendage |    16 |     3 ||    19
 Stab: Sleeping          |     1 |       ||     1
  Eat: Chunk             |     3 |     1 ||     4
Armor: Skin              |    33 |    16 ||    49
Dodge: Dodged            |    56 |    34 ||    90
